[Event "Titled Tuesday Blitz January 25 2022"]
[White "Lauridsen, Jesper Morch"]
[Black "Lavrov, Maxim"]
[WhiteFideId "1401890"]
[BlackFideId "4166418"]
[WhiteElo "2257"]
[BlackElo "2192"]
[Result "0-1"]
[Round "08"]
[TimeControl "180+1"]
[Date "2022.01.26"]
[WhiteClock "0:00:03"]
[BlackClock "0:00:45"]

1. e4 g6 2. d4 Bg7 3. Nc3 d6 4. f4 Nf6 5. Nf3 O-O 6. Bd3 Nfd7 7. O-O c5 8. d5 a6 9. a4 b6 10. Qe2 Bb7 11. e5 dxe5 12. fxe5 Qc7 13. Bf4 e6 14. dxe6 fxe6 15. Ng5 Re8 16. Rae1 Nf8 17. Bg3 Nc6 18. Rf7 Re7 19. Rxe7 Qxe7 20. Nge4 Nxe5 21. Bxe5 Bxe5 22. Bc4 Rd8 23. Nf2 Qg5 24. Ng4 Bd4+ 25. Kh1 h5 26. Bxe6+ Kg7 0-1


[Site "https://www.chess.com"]

[Event "Titled Tuesday Blitz January 25 2022"]
[White "Le, Tuan Minh"]
[Black "Kravtsiv, Martyn"]
[WhiteFideId "12401153"]
[BlackFideId "14113147"]
[WhiteElo "2450"]
[BlackElo "2694"]
[Result "1-0"]
[Round "08"]
[TimeControl "180+1"]
[Date "2022.01.26"]
[WhiteClock "0:00:05"]
[BlackClock "0:00:01"]

1. d4 d5 2. Nf3 e6 3. Bf4 c5 4. c3 Nc6 5. e3 Bd6 6. Bg3 Nf6 7. Nbd2 O-O 8. Bb5 Ne7 9. Bd3 b6 10. O-O Bb7 11. Qe2 Ng6 12. Rfd1 Ne4 13. Rac1 Nxd2 14. Qxd2 c4 15. Bxg6 hxg6 16. Bxd6 Qxd6 17. Ne5 g5 18. b3 f6 19. Nf3 Rfc8 20. Qc2 cxb3 21. axb3 b5 22. Qg6 a5 23. h4 gxh4 24. Nxh4 a4 25. bxa4 bxa4 26. g3 Bc6 27. Kg2 Be8 28. Qg4 Qe7 29. Rh1 f5 30. Ng6 Bxg6 31. Qxg6 Qf6 32. Qh5 a3 33. Rb1 Qh6 34. Qe2 Qg6 35. Rh4 Rxc3 36. Rbh1 Kf7 37. Qb5 Rc7 38. Rh8 Rxh8 39. Rxh8 Kf6 40. Rf8+ Rf7 41. Ra8 f4 42. exf4 Qe4+ 43. Kg1 Qe1+ 44. Qf1 Qc3 45. Qe2 Rb7 46. Qe5+ Kf7 47. f5 Re7 48. fxe6+ Rxe6 49. Ra7+ Kf8 50. Qxe6 1-0


[Site "https://www.chess.com"]

[Event "Titled Tuesday Blitz January 25 2022"]
[White "Leiva, Gianmarco"]
[Black "Artemenko, Oleg"]
[WhiteFideId "3804399"]
[BlackFideId "14201798"]
[WhiteElo "2328"]
[BlackElo "2287"]
[Result "0-1"]
[Round "08"]
[TimeControl "180+1"]
[Date "2022.01.26"]
[WhiteClock "0:00:07"]
[BlackClock "0:00:26"]

1. e4 e6 2. Qe2 Be7 3. Nf3 d5 4. d3 Nf6 5. g3 O-O 6. e5 Nfd7 7. Bg2 c5 8. O-O Nc6 9. Nbd2 b5 10. Re1 Ba6 11. h4 Rc8 12. Nf1 b4 13. N1h2 Qc7 14. h5 Nd4 15. Qd1 Nxf3+ 16. Nxf3 Rfd8 17. h6 g6 18. Bf4 d4 19. b3 Nb6 20. a4 Nd5 21. Bg5 Nc3 22. Qd2 Bb7 23. Bxe7 Qxe7 24. Ng5 Bxg2 25. Kxg2 a5 26. Qf4 Nd5 27. Qg4 Rc6 28. Ne4 Rf8 29. Re2 Qc7 30. Qg5 Qd8 31. Qxd8 Rxd8 32. Kh3 Kf8 33. Kg4 Ke7 34. Nd2 Nb6 35. Rae1 Rd5 36. Nf3 Rc8 37. Ng5 Rh8 38. Re4 Nd7 39. Rf4 Nxe5+ 40. Rxe5 f5+ 41. Rfxf5 gxf5+ 42. Kf4 Rxe5 43. Kxe5 Re8 44. Nxh7 Rh8 45. Nf6 Kf7 46. h7 Rd8 47. f3 Rc8 48. g4 fxg4 49. fxg4 Rd8 50. g5 Rc8 51. Ng8 Kg7 52. g6 Rf8 53. Kxe6 Rf2 54. Nh6 Rf6+ 55. Kd5 Rxg6 56. Nf5+ Kxh7 57. Nd6 Rg2 58. Nc4 Rxc2 59. Kxc5 Rc3 60. Kxd4 Rxb3 61. Nxa5 Ra3 62. Kc4 Rxa4 63. Nc6 Kg6 64. Nxb4 Kf5 65. Kb3 Ra8 66. Nc6 Ke6 67. Nb4 Ke5 68. Kc3 Rc8+ 69. Kd2 Rh8 70. Nc6+ Kd6 71. Nd4 Kd5 72. Nf5 Rh2+ 73. Kc3 Re2 74. Ng3 Re3 75. Ne4 Rf3 76. Nd2 Rh3 77. Ne4 Rh1 78. Nf6+ Ke5 79. Ne4 Kf4 80. Nd2 Ke3 81. Nc4+ Ke2 82. Ne5 Rh3 83. Kd4 Rh4+ 84. Kc3 Ra4 85. Nc4 Ra2 86. Kb3 Ra1 87. Kb2 Rd1 88. Ne5 Ke3 89. Kc3 Rc1+ 90. Kb2 Rc8 91. Kb3 Kd4 92. Nd7 Kxd3 93. Kb4 Kd4 94. Kb5 Rc1 95. Nb6 Rc2 96. Nd7 Kd5 97. Nb6+ Ke5 98. Nc4+ Kd4 99. Nb6 Rb2+ 100. Kc6 Rh2 101. Kb5 Rh6 102. Nc4 Rh5+ 103. Kb4 Rh1 104. Nb6 Rb1+ 105. Ka5 Kc5 106. Nd7+ Kd6 107. Nb6 Kc6 108. Nc4 Rb8 109. Ka4 Kc5 110. Ne5 Rd8 111. Ka3 Rd5 112. Nf3 Rd3+ 113. Kb2 Rxf3 114. Kc2 Kd4 115. Kd2 Rf2+ 116. Ke1 Ke3 117. Kd1 Rh2 118. Kc1 Kd3 119. Kb1 Kc3 120. Ka1 Kb3 0-1


[Site "https://www.chess.com"]

[Event "Titled Tuesday Blitz January 25 2022"]
[White "Lenderman, Aleksandr"]
[Black "Sychev, Klementy"]
[WhiteFideId "2021285"]
[BlackFideId "4114060"]
[WhiteElo "2651"]
[BlackElo "2564"]
[Result "1-0"]
[Round "08"]
[TimeControl "180+1"]
[Date "2022.01.26"]
[WhiteClock "0:00:31"]
[BlackClock "0:00:02"]

1. d4 Nf6 2. c4 e6 3. Nc3 Bb4 4. Qc2 h6 5. e4 c5 6. d5 exd5 7. exd5 Qe7+ 8. Ne2 b5 9. cxb5 Nxd5 10. Bd2 Nf6 11. O-O-O O-O 12. Nf4 Bb7 13. Bc4 Bxc3 14. Bxc3 Qe4 15. Qxe4 Nxe4 16. Bd5 Bxd5 17. Rxd5 a6 18. b6 a5 19. Re1 Nxc3 20. bxc3 Ra6 21. Rd6 a4 22. Nd5 a3 23. Kc2 Kh7 24. Kb3 Ra5 25. Kc4 f6 26. Re7 Nc6 27. Rdxd7 Ne5+ 28. Rxe5 fxe5 29. b7 Rb8 30. Nf6+ Kg6 31. Ne4 Kf5 32. Nxc5 g5 33. Kb4 Ra7 34. Kb5 g4 35. Kb6 Raa8 36. Kc7 1-0


[Site "https://www.chess.com"]

[Event "Titled Tuesday Blitz January 25 2022"]
[White "Maevsky, Nikolay"]
[Black "Bethke, Richard"]
[WhiteFideId "4198220"]
[BlackFideId "12959243"]
[WhiteElo "2104"]
[BlackElo "2456"]
[Result "1-0"]
[Round "08"]
[TimeControl "180+1"]
[Date "2022.01.26"]
[WhiteClock "0:00:15"]
[BlackClock "0:00:19"]

1. d4 c6 2. Nf3 Nf6 3. c4 d5 4. e3 g6 5. Nc3 Bg7 6. Be2 O-O 7. O-O Bf5 8. Nh4 Nbd7 9. Nxf5 gxf5 10. b3 Ne4 11. Bb2 e6 12. Rc1 Qg5 13. Qd3 Ndf6 14. f3 Nxc3 15. Bxc3 Rfd8 16. c5 f4 17. Bd2 fxe3 18. Bxe3 Qg6 19. Qd2 Nd7 20. Bd3 f5 21. Qf2 Rf8 22. Rcd1 Rae8 23. Bf4 e5 24. dxe5 Bxe5 25. Bxe5 Nxe5 26. Bb1 Qg7 27. Rfe1 Ng6 28. f4 Qc3 29. Rxe8 Rxe8 30. Bxf5 d4 31. h3 Qxc5 32. Bxg6 hxg6 33. Rxd4 Rf8 34. Re4 Qd5 35. Qe2 Qd6 36. Qe3 Rf7 37. Re6 Qd1+ 38. Kh2 Qh5 39. Re8+ Kh7 40. Qd4 Rg7 41. Qd8 1-0


[Site "https://www.chess.com"]

[Event "Titled Tuesday Blitz January 25 2022"]
[White "Martin Carmona, Gaston Manuel"]
[Black "Bodnaruk, Anastasia"]
[WhiteFideId "22284567"]
[BlackFideId "4181751"]
[WhiteElo "2161"]
[BlackElo "2393"]
[Result "1-0"]
[Round "08"]
[TimeControl "180+1"]
[Date "2022.01.26"]
[WhiteClock "0:00:10"]
[BlackClock "0:00:01"]

1. e4 c5 2. c3 Nf6 3. e5 Nd5 4. Nf3 Nc6 5. Bc4 Nb6 6. Bb3 c4 7. Bc2 Qc7 8. O-O Nxe5 9. Nxe5 Qxe5 10. Re1 Qf6 11. a4 e6 12. Na3 Bxa3 13. Rxa3 d5 14. a5 Nd7 15. d3 cxd3 16. Qxd3 Ne5 17. Qb5+ Kf8 18. Qc5+ Kg8 19. Qc7 Nc4 20. Ra4 e5 21. b3 Nd6 22. Ba3 Nb5 23. Qxe5 Qxe5 24. Rxe5 Be6 25. Bb2 Rc8 26. c4 Nc7 27. cxd5 Nxd5 28. Rc4 Rxc4 29. bxc4 Nb4 30. Bf5 Nc6 31. Re1 Nxa5 32. Bd3 Kf8 33. f4 h5 34. f5 Bxc4 35. Ba3+ Kg8 36. Bc2 f6 37. Re7 Kh7 38. Bb2 Rf8 39. Bc3 Nc6 40. Rxb7 a5 41. Rc7 Bd5 42. Ba4 Ne5 43. Bxa5 Be4 44. Bc3 1-0


[Site "https://www.chess.com"]

[Event "Titled Tuesday Blitz January 25 2022"]
[White "Martinez Alcantara, Jose Eduardo"]
[Black "Demchenko, Anton"]
[WhiteFideId "3805662"]
[BlackFideId "4160258"]
[WhiteElo "2980"]
[BlackElo "2879"]
[Result "1-0"]
[Round "08"]
[TimeControl "180+1"]
[Date "2022.01.26"]
[WhiteClock "0:00:10"]
[BlackClock "0:00:02"]

1. e4 e5 2. Nf3 Nc6 3. Bb5 a6 4. Ba4 d6 5. c3 Bd7 6. O-O g6 7. d4 Bg7 8. h3 Nge7 9. dxe5 Nxe5 10. Nxe5 dxe5 11. Bb3 O-O 12. Re1 a5 13. a4 Nc8 14. Nd2 Nd6 15. Nc4 Nxc4 16. Bxc4 Qe7 17. b3 Rfd8 18. Ba3 Qe8 19. Qe2 Bf8 20. Bxf8 Qxf8 21. Qe3 Qe7 22. Rad1 Be6 23. Bxe6 Qxe6 24. c4 Qe7 25. Rd2 Rxd2 26. Qxd2 Qd8 27. Rd1 Qe7 28. Qd7 Qb4 29. Qd3 c6 30. g3 Re8 31. Kg2 Kg7 32. h4 h5 33. Qe3 Re6 34. Rd7 Re7 35. Rd8 Re6 36. Qd3 Qe7 37. Rd7 Qb4 38. Rc7 Qc5 39. Rxb7 Rf6 40. Qe2 Qd4 41. Rb8 Qc3 42. Rb7 Rd6 43. Qf3 Qxf3+ 44. Kxf3 Rd3+ 45. Ke2 Rc3 46. Rb6 c5 47. Rb5 Kf6 48. Rb6+ Ke7 49. Rb5 Kd6 50. Rb7 Ke6 51. Rb6+ Kd7 52. Kd2 Rf3 53. Ke1 Rc3 54. Rb7+ Ke6 55. Rb5 Kd6 56. Rxa5 Rxb3 57. Ra6+ Ke7 58. Rc6 Rb4 59. Rxc5 Rxa4 60. Rxe5+ Kd6 61. Rd5+ Kc6 62. Rd4 Ra2 63. Kf1 Rc2 64. Kg2 Rc3 65. e5 Kc7 66. Rf4 Kd8 67. Rxf7 Rxc4 68. Rf6 Ke7 69. Rxg6 1-0


[Site "https://www.chess.com"]

[Event "Titled Tuesday Blitz January 25 2022"]
[White "Martinez Ramirez, Lennis"]
[Black "Bryakin, Mikhail"]
[WhiteFideId "3509079"]
[BlackFideId "4165314"]
[WhiteElo "2374"]
[BlackElo "2421"]
[Result "1-0"]
[Round "08"]
[TimeControl "180+1"]
[Date "2022.01.26"]
[WhiteClock "0:00:09"]
[BlackClock "0:00:12"]

1. Nf3 g6 2. e4 Bg7 3. d4 d6 4. c4 Nd7 5. Nc3 e5 6. d5 f5 7. exf5 gxf5 8. Ng5 Ndf6 9. c5 Nh6 10. cxd6 cxd6 11. Bc4 O-O 12. O-O Qe7 13. a4 a6 14. a5 Nf7 15. Ne6 Bxe6 16. dxe6 Nd8 17. Bg5 Nxe6 18. Nd5 Qf7 19. Nxf6+ Bxf6 20. Bxf6 Qxf6 21. Qxd6 Rae8 22. Ra3 Kg7 23. Rg3+ Kh8 24. Rb3 Rf7 25. Rb6 Rfe7 26. Re1 e4 27. Re3 Qd4 28. Bxe6 Qxd6 29. Rxd6 Rxe6 30. Rd7 R8e7 31. Rxe7 Rxe7 32. f3 Kg7 33. fxe4 fxe4 34. Kf2 Kf6 35. Rh3 Rg7 36. g3 Rc7 37. Ke3 Rc4 38. Rxh7 Rb4 39. Kf4 Ke6 40. h4 Kd5 41. Rd7+ Ke6 42. Rc7 Kd5 43. g4 Rxb2 44. Rd7+ Ke6 45. Rd4 e3 46. Re4+ Kf6 47. g5+ Kf7 48. Rxe3 Rb5 49. Re5 Rb4+ 50. Kg3 b5 51. axb6 Rxb6 52. h5 Rb4 53. Ra5 Rb6 54. Kg4 Rb4+ 55. Kf5 Rb6 56. Rc5 Rb7 57. h6 Rb1 58. g6+ Ke7 59. Rc7+ Kd6 60. Ra7 Rf1+ 61. Ke4 Re1+ 62. Kd3 Rh1 63. g7 1-0


[Site "https://www.chess.com"]

[Event "Titled Tuesday Blitz January 25 2022"]
[White "Mustafayev, Farid"]
[Black "Sapunov, Evgeny"]
[WhiteFideId "13408771"]
[BlackFideId "4126661"]
[WhiteElo "2129"]
[BlackElo "2470"]
[Result "1-0"]
[Round "08"]
[TimeControl "180+1"]
[Date "2022.01.26"]
[WhiteClock "0:00:43"]
[BlackClock "0:00:47"]

1. d4 Nf6 2. c4 g6 3. Nc3 Bg7 4. g3 O-O 5. Bg2 d6 6. e4 Nc6 7. Nge2 e5 8. dxe5 dxe5 9. Qxd8 Rxd8 10. Bg5 Rd3 11. Nd5 Nxd5 12. cxd5 Nd4 13. Nxd4 Rxd4 14. Rc1 c6 15. a3 Bd7 16. Be3 Ra4 17. O-O f5 18. dxc6 Bxc6 19. exf5 Bxg2 20. Kxg2 gxf5 21. Rfd1 f4 22. Bc5 Rc8 23. Bb4 Rxc1 24. Rxc1 b6 25. b3 Ra6 26. Rc6 Kf7 27. Kf3 fxg3 28. hxg3 Bf6 29. Ke4 h5 30. Kf5 Bg7 31. Ke4 Bf6 32. Kd5 h4 33. gxh4 Bxh4 34. f3 Bg3 35. Kc4 b5+ 36. Kxb5 Rxc6 37. Kxc6 Ke6 38. Bc5 a6 39. Kb6 Kf5 40. Be3 Bf4 41. Bc5 Bc1 42. Kxa6 Kf4 43. a4 Kxf3 44. Kb5 e4 45. a5 Be3 46. a6 Bxc5 47. Kxc5 e3 48. a7 e2 49. a8=Q+ 1-0


[Site "https://www.chess.com"]

[Event "Titled Tuesday Blitz January 25 2022"]
[White "Nakamura, Hikaru"]
[Black "Sjugirov, Sanan"]
[WhiteFideId "2016192"]
[BlackFideId "4189302"]
[WhiteElo "3201"]
[BlackElo "2991"]
[Result "1-0"]
[Round "08"]
[TimeControl "180+1"]
[Date "2022.01.26"]
[WhiteClock "0:00:33"]
[BlackClock "0:00:01"]

1. Nf3 d5 2. b3 Bf5 3. g3 e6 4. Bb2 h6 5. Bg2 Nf6 6. Ne5 Be7 7. d3 Bh7 8. Nd2 O-O 9. O-O a5 10. a3 Nbd7 11. Nxd7 Nxd7 12. c4 c6 13. Qc2 Bf6 14. b4 Qb6 15. Bxf6 Nxf6 16. Qc3 axb4 17. axb4 Nd7 18. Nb3 Rfd8 19. Rfb1 Bg6 20. Ra5 Rxa5 21. bxa5 Qa7 22. Qb4 dxc4 23. Qxc4 Ra8 24. h3 Nf6 25. Bf3 Nd5 26. Kg2 Kh8 27. h4 Kg8 28. h5 Bh7 29. Nc5 Qxa5 30. Rxb7 Qd8 31. Nd7 Qg5 32. Qb3 Rd8 33. Rb8 1-0


[Site "https://www.chess.com"]

[Event "Titled Tuesday Blitz January 25 2022"]
[White "Navalgund, Niranjan"]
[Black "Costachi, Mihnea"]
[WhiteFideId "5030854"]
[BlackFideId "1217518"]
[WhiteElo "2290"]
[BlackElo "2464"]
[Result "1/2-1/2"]
[Round "08"]
[TimeControl "180+1"]
[Date "2022.01.26"]
[WhiteClock "0:00:08"]
[BlackClock "0:00:05"]

1. e4 c5 2. Nf3 d6 3. d4 cxd4 4. Nxd4 Nf6 5. Nc3 Nc6 6. Bc4 e6 7. Be3 a6 8. Bb3 Bd7 9. O-O Be7 10. f4 O-O 11. Nf3 Ng4 12. Qe2 Nxe3 13. Qxe3 b5 14. Kh1 b4 15. Ne2 a5 16. a4 bxa3 17. Rxa3 d5 18. Raa1 dxe4 19. Qxe4 Qb6 20. Ng5 Bxg5 21. fxg5 Qb4 22. Qe3 a4 23. Ba2 Qxb2 24. Nf4 Qe5 25. Qd2 Bc8 26. Nd3 Qa5 27. Qf4 Ba6 28. Bb3 a3 29. Rf3 Bxd3 30. Rxd3 Qe5 31. Qc1 Nb4 32. Re3 Qxg5 33. Bc4 Nxc2 34. Qxc2 Qxe3 35. Bd3 h6 36. h3 Rfc8 37. Qb3 a2 38. Bh7+ Kxh7 39. Qxe3 Ra4 40. Qd2 Rca8 41. Kh2 Ra3 42. Qc2+ g6 43. Qc7 R8a7 44. Qe5 Rb3 45. Qd4 Rba3 46. Qf2 h5 47. Qf6 Rb7 48. Qf2 Rba7 49. Qb2 R3a5 50. Qb6 Ra4 51. Qd8 Kg7 52. Qg5 Rb4 53. Qc5 Rba4 54. Kg1 Ra3 55. Kf2 R7a5 56. Qb4 R3a4 57. Qc3+ Kh7 58. Kg1 Rb5 59. Kh2 Rb1 60. Qf6 Rxa1 61. Qxf7+ Kh6 62. Qf8+ Kh7 63. Qe7+ Kh6 64. Qf8+ Kg5 65. Qe7+ Kf5 66. Qf7+ Kg5 67. Qe7+ Kf5 68. Qf8+ Ke5 69. Qg7+ Kd6 70. Qxa1 Kc5 71. Qc3+ Kb5 72. Qb3+ Ka5 73. Qc3+ Kb5 74. Qa1 Ra3 75. Kg1 Ka4 76. Kf2 Kb5 77. Ke2 Ra4 78. Qb2+ Ka5 79. Qe5+ Ka6 80. Qa1 Ra5 81. Kf2 Kb6 82. Kg1 Kc6 83. Kh2 Kb6 84. Qd4+ Ka6 85. Qd3+ Ka7 86. Qd4+ Kb7 87. Qa1 e5 88. h4 Kb6 89. Qb2+ Ka6 90. Qa1 Ra4 91. Qf1+ Ka5 92. Qa1 Rxh4+ 93. Kg3 Ra4 94. Qxe5+ Ka6 95. Qa1 h4+ 96. Kh2 g5 97. Qf6+ Ka7 98. Qg7+ Kb6 99. Qf6+ Ka7 100. Qe7+ Ka6 101. Qd6+ Kb5 102. Qd5+ Kb4 103. Qd4+ Kb3 104. Qa1 Rc4 105. Qd1+ Rc2 106. Qd3+ Rc3 107. Qb5+ Kc2 108. Qe2+ Kb3 109. Qe6+ Ka3 110. Qa6+ Kb2 111. Qb5+ Kc1 112. Qf1+ Kc2 113. Qe2+ Kb1 114. Qd1+ Kb2 115. Qd2+ Kb3 116. Qd5+ Rc4 117. Qb5+ Rb4 118. Qe5 Rc4 119. Qb5+ Kc3 120. Qa5+ Kb2 121. Qb5+ Kc3 122. Qa5+ Kb3 123. Qb5+ 1/2-1/2


[Site "https://www.chess.com"]

[Event "Titled Tuesday Blitz January 25 2022"]
[White "Nguyen, Hong Ngoc"]
[Black "Odegov, Artem"]
[WhiteFideId "12403083"]
[BlackFideId "34183644"]
[WhiteElo "1830"]
[BlackElo "2277"]
[Result "0-1"]
[Round "08"]
[TimeControl "180+1"]
[Date "2022.01.26"]
[WhiteClock "0:01:32"]
[BlackClock "0:01:13"]

1. e4 e6 2. d4 d5 3. Nc3 Bb4 4. Bd3 dxe4 5. Bxe4 Nf6 6. Bd3 O-O 7. Ne2 c5 8. a3 Bxc3+ 9. bxc3 Nc6 10. Be3 Nd5 11. O-O Nxc3 12. Nxc3 cxd4 13. Bd2 dxc3 14. Bxc3 e5 15. Re1 Qg5 16. Be4 Rd8 17. Bxc6 Rxd1 18. Raxd1 Bg4 19. Rxe5 Qxe5 20. Bxe5 Bxd1 21. Bxb7 Re8 22. f4 Bxc2 23. Kf2 Rd8 24. g4 Rd3 25. Be4 Rxa3 0-1


[Site "https://www.chess.com"]

[Event "Titled Tuesday Blitz January 25 2022"]
[White "Obolenskikh, Dmitry"]
[Black "Bortnyk, Olexandr"]
[WhiteFideId "4156013"]
[BlackFideId "14120828"]
[WhiteElo "2512"]
[BlackElo "2723"]
[Result "0-1"]
[Round "08"]
[TimeControl "180+1"]
[Date "2022.01.26"]
[WhiteClock "0:00:52"]
[BlackClock "0:00:08"]

1. Nf3 Nf6 2. c4 b6 3. g3 Bb7 4. Bg2 g6 5. O-O Bg7 6. Nc3 O-O 7. Re1 d6 8. e4 e5 9. d4 exd4 10. Nxd4 Re8 11. e5 Bxg2 12. exf6 Rxe1+ 13. Qxe1 Bxf6 14. Kxg2 Bxd4 15. Qe4 Bxc3 16. Qxa8 Bd4 17. Qe4 Bg7 18. Rb1 Nd7 19. Be3 Nf6 20. Bg5 Qd7 21. Qa8+ Qe8 22. Qxe8+ Nxe8 23. Re1 Kf8 24. b3 f6 25. Bd2 Kf7 26. g4 Bf8 27. Kf3 Ng7 28. Ke4 Ne6 29. Kd5 Nd8 30. b4 c6+ 31. Kd4 Ne6+ 32. Kd3 d5 33. cxd5 cxd5 34. a3 Bd6 35. h3 Ke7 36. f4 Kd7 37. f5 gxf5 38. gxf5 Ng7 39. Kd4 Kc6 40. Rc1+ Kb5 41. Kxd5 Be5 42. Rc7 Bxc7 43. Bc3 Nxf5 44. Bxf6 Ne3+ 45. Ke6 Nc2 46. Kf7 Nxa3 47. Kg7 h5 48. Kg6 Kxb4 49. Kxh5 Nc4 50. Kg6 Bg3 0-1


[Site "https://www.chess.com"]

[Event "Titled Tuesday Blitz January 25 2022"]
[White "Osmak, Yuliia"]
[Black "Mischuk, Dmitry"]
[WhiteFideId "14101602"]
[BlackFideId "14118734"]
[WhiteElo "2302"]
[BlackElo "2256"]
[Result "1-0"]
[Round "08"]
[TimeControl "180+1"]
[Date "2022.01.26"]
[WhiteClock "0:00:11"]
[BlackClock "0:00:13"]

1. e4 c5 2. c3 Nf6 3. e5 Nd5 4. Nf3 Nc6 5. Bc4 Nb6 6. Bb3 d5 7. exd6 c4 8. Bc2 Bg4 9. d4 cxd3 10. Qxd3 e6 11. Bf4 Bf5 12. Qd1 Bxc2 13. Qxc2 Bxd6 14. Bxd6 Qxd6 15. O-O O-O 16. Nbd2 h6 17. Ne4 Qe7 18. Rad1 Rfd8 19. h3 Rd5 20. Rxd5 Nxd5 21. Rd1 Rd8 22. c4 Nf4 23. Rxd8+ Qxd8 24. Qd2 Qxd2 25. Nfxd2 b6 26. Kf1 Nd3 27. b3 Ncb4 28. Nc3 Nc1 29. a3 Nc2 30. Nb5 a5 31. f4 h5 32. g3 h4 33. Kg2 hxg3 34. Kxg3 Kf8 35. Kf3 Ke7 36. Ke4 g6 37. h4 Kd7 38. Ke5 Ke7 39. Ke4 Kd7 40. Ke5 a4 41. bxa4 Ke7 42. Ke4 f5+ 43. Kf3 Nd3 44. Nb3 Nb2 45. a5 bxa5 46. Nxa5 Kd7 47. Ke2 e5 48. fxe5 f4 49. Kd2 Ne3 50. Ke2 Ke6 51. c5 Na4 52. c6 Nb6 53. c7 Nc8 54. Nb7 Kxe5 55. N7d6 Nxd6 56. Nxd6 Kxd6 57. c8=Q Ke5 58. Qe8+ Kf5 59. Qf8+ Kg4 60. Qc8+ Kxh4 61. Qc7 g5 62. Qh7+ Kg3 63. Qe4 g4 64. a4 Ng2 65. a5 f3+ 66. Kf1 Nf4 67. Qe5 f2 68. Qe3+ Kh2 69. Qxf2+ Kh3 70. Qxf4 g3 71. Qxg3+ Kxg3 72. a6 Kg4 73. a7 Kh3 74. a8=Q Kg4 75. Qb7 Kh3 76. Qc6 Kg3 77. Qd5 Kh2 78. Qe4 Kg3 79. Qe3+ Kh2 80. Qf2+ Kh3 81. Qg2+ Kh4 82. Kf2 Kh5 83. Kf3 Kh6 84. Kf4 Kh7 85. Kf5 Kh6 86. Qg6# 1-0


[Site "https://www.chess.com"]

[Event "Titled Tuesday Blitz January 25 2022"]
[White "Ovetchkin, Roman"]
[Black "Vokhidov, Shamsiddin"]
[WhiteFideId "4119991"]
[BlackFideId "14204223"]
[WhiteElo "2409"]
[BlackElo "2611"]
[Result "1-0"]
[Round "08"]
[TimeControl "180+1"]
[Date "2022.01.26"]
[WhiteClock "0:00:30"]
[BlackClock "0:00:22"]

1. d4 Nf6 2. c4 e6 3. g3 c5 4. d5 exd5 5. cxd5 d6 6. Bg2 g6 7. Nf3 Bg7 8. O-O O-O 9. Nc3 Re8 10. Re1 Na6 11. h3 Ne4 12. Nxe4 Rxe4 13. Nd2 Re8 14. a4 Nb4 15. Nc4 b6 16. Bf4 Bf8 17. Qd2 Ba6 18. b3 Qd7 19. e4 Bxc4 20. bxc4 Bg7 21. Ra3 a6 22. Bf1 Rad8 23. h4 Re7 24. Bg5 f6 25. Bf4 Qe8 26. f3 Qf7 27. Bh3 f5 28. Kg2 Rde8 29. Rae3 Be5 30. Bxe5 dxe5 31. exf5 gxf5 32. d6 Re6 33. d7 Rd8 34. Rxe5 Rxd7 35. Qg5+ Rg6 36. Qxf5 Rd2+ 37. R1e2 Rxe2+ 38. Rxe2 Qxf5 39. Bxf5 Rf6 40. Be4 Rd6 41. g4 Rd4 42. Bf5 Kf7 43. Bxh7 Rxc4 44. h5 Rd4 45. Bf5 c4 46. h6 c3 47. h7 Rd8 48. g5 Kg7 49. Re7+ Kh8 50. g6 Nd5 51. g7# 1-0


[Site "https://www.chess.com"]

[Event "Titled Tuesday Blitz January 25 2022"]
[White "Panesar Vedant"]
[Black "Sadovsky, Artem"]
[WhiteFideId "35033018"]
[BlackFideId "4155840"]
[WhiteElo "1971"]
[BlackElo "2369"]
[Result "0-1"]
[Round "08"]
[TimeControl "180+1"]
[Date "2022.01.26"]
[WhiteClock "0:00:17"]
[BlackClock "0:01:16"]

1. d4 g6 2. c4 Bg7 3. Nf3 d6 4. Nc3 e5 5. dxe5 dxe5 6. Qxd8+ Kxd8 7. Bg5+ f6 8. O-O-O+ Nd7 9. Be3 Bh6 10. Bxh6 Nxh6 11. h3 c6 12. e3 Ke7 13. g4 Nf7 14. Bg2 a5 15. Ne4 f5 16. gxf5 gxf5 17. Ng3 Nc5 18. Nh4 Nd6 19. Bf1 Be6 20. b3 Nde4 21. Rh2 Raf8 22. Nxe4 fxe4 23. Be2 Rf7 24. Rg2 Rhf8 25. Rf1 a4 26. b4 Nd3+ 27. Bxd3 exd3 28. Rg5 Rxf2 29. Rg7+ R2f7 30. Rgxf7+ Rxf7 31. Rxf7+ Kxf7 32. Kd2 e4 33. Ng2 Bxh3 34. Nf4 Be6 35. a3 Bxc4 36. Nh5 Kg6 37. Ng3 Bd5 38. Kc3 h5 39. b5 cxb5 40. Nf1 h4 41. Kd4 Bc6 42. Ke5 b4 43. axb4 a3 0-1


[Site "https://www.chess.com"]

[Event "Titled Tuesday Blitz January 25 2022"]
[White "Papp, Petra"]
[Black "Evdokimov, Alexander A."]
[WhiteFideId "739049"]
[BlackFideId "4139275"]
[WhiteElo "2259"]
[BlackElo "2444"]
[Result "1/2-1/2"]
[Round "08"]
[TimeControl "180+1"]
[Date "2022.01.26"]
[WhiteClock "0:00:07"]
[BlackClock "0:00:11"]

1. d4 Nf6 2. c4 g6 3. Nc3 Bg7 4. e4 O-O 5. h3 d6 6. Be3 e5 7. d5 c6 8. g4 a6 9. Nge2 cxd5 10. cxd5 b5 11. Ng3 Nbd7 12. f3 Bb7 13. Be2 Ne8 14. Qd2 Rc8 15. h4 Nc5 16. Kf1 b4 17. Nd1 a5 18. Kg2 Nc7 19. h5 Qd7 20. Nf2 f5 21. Bh6 f4 22. Bxg7 Kxg7 23. hxg6 hxg6 24. Nf1 Rh8 25. Qd1 Qe7 26. Nd2 Rxh1 27. Qxh1 Rh8 28. Nh3 Qh4 29. Nf1 Nxd5 30. exd5 Bxd5 31. Nf2 Qg5 32. Qg1 Rh4 33. Nh2 Ne6 34. Kf1 Nd4 35. Qg2 Qh6 36. g5 Qh5 37. Nhg4 Qxg5 38. Rc1 Qd8 39. Ke1 Be6 40. Ne4 Bxg4 41. fxg4 f3 42. Bxf3 Rh2 43. Qg3 Qh4 44. Qxh4 Nxf3+ 45. Kd1 Nxh4 46. Rc8 Nf3 47. Rc7+ Kh6 48. g5+ Kh5 49. Rh7+ Kg4 50. Rxh2 Nxh2 51. Nxd6 Kxg5 52. Nc4 Kf4 53. Nxa5 g5 54. Ke2 g4 55. Nc4 g3 56. Ne3 Ng4 57. Ng2+ Ke4 58. a4 bxa3 59. bxa3 Nf6 60. a4 Nd5 61. a5 Nb4 62. Ne1 Kf4 63. Kf1 Ke3 64. Kg2 Kf4 65. Nf3 e4 66. Ng1 e3 67. Ne2+ Ke4 68. Kxg3 Kd3 69. Kf3 Kd2 70. Nf4 Kc3 71. Kxe3 Kc4 72. Ke4 Kb5 73. Nd5 Kxa5 1/2-1/2


[Site "https://www.chess.com"]

[Event "Titled Tuesday Blitz January 25 2022"]
[White "Parkhov, Yair"]
[Black "Siva Mahadevan"]
[WhiteFideId "2813408"]
[BlackFideId "25043153"]
[WhiteElo "2614"]
[BlackElo "2924"]
[Result "0-1"]
[Round "08"]
[TimeControl "180+1"]
[Date "2022.01.26"]
[WhiteClock "0:00:04"]
[BlackClock "0:00:29"]

1. Nf3 Nf6 2. g3 g6 3. Bg2 Bg7 4. O-O O-O 5. d4 d6 6. c4 Nbd7 7. Nc3 e5 8. dxe5 dxe5 9. Bg5 h6 10. Bxf6 Qxf6 11. Nd5 Qd8 12. Nd2 c6 13. Nc3 f5 14. Rc1 e4 15. b4 Qe7 16. c5 a5 17. a3 Ne5 18. Qa4 Be6 19. bxa5 e3 20. fxe3 Qxc5 21. Nd5 Qxa5 22. Qxa5 Rxa5 23. Nf4 Bf7 24. e4 Ng4 25. exf5 Rxf5 26. Nf3 g5 27. Nd3 Ne3 28. Rfe1 g4 29. Nh4 Ra5 30. Rb1 Bd4 31. Kh1 Ra7 32. Nf4 Re8 33. Rb4 Bc3 34. Reb1 Bxb4 35. axb4 Rea8 36. Kg1 Ra1 37. Rxa1 Rxa1+ 38. Kf2 Nxg2 39. Nhxg2 Rb1 40. Ne3 h5 41. Nf5 Rxb4 42. Nd3 Rb5 43. Nd6 Rb1 44. Ne5 Be6 45. Ne4 Kg7 46. Nc5 Bc8 47. Ned3 Kf7 48. Ne4 Kg6 49. Nd6 Be6 50. Ne5+ Kf6 51. Nd3 b5 52. Ne4+ Kf5 53. Nd6+ Kg5 54. Ne4+ Kh6 55. Ne5 Bf5 56. Nd6 Bg6 57. Nb7 b4 58. Nxc6 b3 59. Nca5 b2 60. Nc4 Re1 61. Nxb2 Rb1 62. Nd3 Rxb7 63. Nf4 Kg5 64. e3 Rb2+ 65. Ke1 0-1


[Site "https://www.chess.com"]

[Event "Titled Tuesday Blitz January 25 2022"]
[White "Pavlidou, Ekaterini"]
[Black "Baules Rodriguez, Jorge Luis"]
[WhiteFideId "4213262"]
[BlackFideId "6600247"]
[WhiteElo "2127"]
[BlackElo "2375"]
[Result "0-1"]
[Round "08"]
[TimeControl "180+1"]
[Date "2022.01.26"]
[WhiteClock "0:00:16"]
[BlackClock "0:00:11"]

1. d4 Nf6 2. c4 g6 3. Nc3 d5 4. Nf3 Bg7 5. h4 dxc4 6. e3 c5 7. Bxc4 O-O 8. Ne5 Nc6 9. Nxc6 bxc6 10. h5 Nxh5 11. g4 Nf6 12. g5 Nd5 13. Bd2 cxd4 14. exd4 Bxd4 15. Qf3 Qd6 16. Ne4 Qe5 17. O-O-O Bf5 18. Nc3 Nxc3 19. bxc3 Rab8 20. Bb3 Qc5 21. Kb2 Bg7 22. Qg3 Rbd8 23. Rxh7 Kxh7 24. Qh2+ Kg8 25. f4 Rxd2+ 26. Qxd2 a5 27. a4 Rb8 28. Rh1 Qb4 0-1


[Site "https://www.chess.com"]